cohdb
Replays
Latest Replays
All Replays
Popular Replays
Top Player Replays
Match Explorer
How It Works
Community
CoH3 Stats
Reddit
Sign in to upload your games and track your stats! →
Sign in with Steam
Match 42599216
Unlisted
Match 42599216
Overview
Messages
Build Orders
End
Panzerpioneer Squad
Kradschützen Motorcycle Team
Selects Armored Support Battlegroup
Panzerpioneer Squad
250 Light Carrier
Construct Light Support Kompanie
Assault Grenadier Squad
Selects Superior Fire Drills
Combat Half-tracks
Construct Mechanized Kompanie
Panzerjäger Mechanized Group
8 Rad Armored Car
Support Armor Elements
Selects Flammpanzer III Medium Tank
Emergency Repair Kits
StuG III D Assault Gun
le.IG 18 Mechanized Group
MG34 Team
Selects Command Panzer IV F Medium Tank
254 Reconnaissance Tractor
豪师傅
MinisteriumfürStaatssicherheit
HulkSMASH
⚓️Ruby⚓
0
0
Comments
sign in to comment!
No comments posted yet!